 Dungeon Crawl Stone Soup version 0.19.0-24-gb05acd6 (webtiles) character file.

157 ChaseSP the Changer (level 5, 0/25 HPs)
             Began as a Vine Stalker Transmuter on Nov 22, 2016.
             Succumbed to an adder's poison
             ... on level 2 of the Dungeon.
             The game lasted 00:07:03 (2151 turns).

ChaseSP the Changer (Vine Stalker Transmuter)       Turns: 2151, Time: 00:07:04

Health: 0/25       AC:  2    Str: 14    XL:     5   Next: 38%
Magic:  0/9        EV: 19    Int: 13    God:
Gold:   93         SH:  0    Dex: 19    Spells: 3 memorised, 2 levels left

rFire  . . .     SeeInvis .       - Unarmed
rCold  . . .     Gourm    .     (armour currently unavailable)
rNeg   . . .     Faith    .     (shield currently unavailable)
rPois  x         Spirit   +     (helmet currently unavailable)
rElec  .         Reflect  .     (cloak currently unavailable)
rCorr  .         Harm     .     (gloves currently unavailable)
MR     .....                    (boots currently unavailable)
Stlth  ++........               (no amulet)
                                (no ring)
                                (no ring)

@: lethally poisoned (0 -> -4), spider-form (expiring)
A: (fangs 0), regeneration 1, magic shield, (antimagic bite), no device heal 3,
rot immunity
a: End Transformation


You were on level 2 of the Dungeon.
You were hungry.
You were a venomous arachnid creature.
You visited 1 branch of the dungeon, and saw 3 of its levels.

You collected 93 gold pieces.

Inventory:

Missiles
 a - 52 arrows
Armour
 b - a +0 robe
 g - a +0 pair of boots of flying (melded)
 t - a +0 ring mail (melded)
Jewellery
 e - an uncursed ring of protection from magic {unknown}
Scrolls
 j - 4 scrolls of remove curse
 m - a scroll of immolation {unknown}
 o - a scroll of blinking {unknown}
 q - a scroll of identify {unknown}
Potions
 i - a potion of brilliance {unknown}
 l - a potion of haste {unknown}
 p - a potion of flight {unknown}
 r - a potion of agility {unknown}
 s - a potion of beneficial mutation {unknown}
Books
 c - a book of Changes

   Spells                             Type                      Level
   a - Beastly Appendage              Transmutation                1
   b - Sticks to Snakes               Transmutation                2
   c - Spider Form                    Transmutation/Poison         3
   d - Ice Form                       Ice/Transmutation            4
   e - Blade Hands                    Transmutation                5
Comestibles
 d - 2 bread rations
 f - 3 chunks of flesh
 k - a beef jerky
 n - a meat ration


   Skills:
 - Level 0.8 Fighting
 + Level 1.0 Armour
 - Level 1.5 Dodging
 + Level 3.2 Unarmed Combat
 - Level 2.1 Spellcasting
 * Level 4.4 Transmutations
 * Level 2.0 Poison Magic


You had 2 spell levels left.
You knew the following spells:

 Your Spells              Type           Power        Failure   Level  Hunger
a - Beastly Appendage     Tmut           ##....       17%         1    ##.....
b - Sticks to Snakes      Tmut           ##......     24%         2    ###....
c - Spider Form           Tmut/Pois      #.........   41%         3    ####...


Dungeon Overview and Level Annotations

Branches:
Dungeon (3/15)

Altars:
Okawaru
Vehumet


Innate Abilities, Weirdness & Mutations

((You have extremely sharp teeth.))
Your natural rate of healing is unusually fast.
When hurt, damage is shared between your health and your magic reserves.
((Your bite disrupts and absorbs the magic of your enemies.))
Potions and wands cannot restore your health.
You are immune to rotting.


Message History

* * * LOW HITPOINT WARNING * * *
You feel sick.
Your system rejects the healing.
You feel better. The adder barely misses you. The adder bites you.
* * * LOW HITPOINT WARNING * * *
You barely miss the adder.
The adder is moderately wounded.
The adder bites you.
* * * LOW HITPOINT WARNING * * *
You hit the adder.
The adder is poisoned.
The adder is almost dead.
The adder barely misses you.
You closely miss the adder.
The adder is almost dead.
The adder bites you.
You are lethally poisoned!
The adder poisons you!
You barely miss the adder.
The adder is almost dead.
You die...

#####..#.###...######
######.......## ##........
#.............###..#######
#.#.####.##....#...# #.#.##
#.##.##.<...#
#....###.##...(.>..#
####.....##g#####.))).#
#...).....#S#.####.#..#
#.##........s#.###.#..#
#.##........###....#..#
#.##.........#..####..#######
#....#.......................
#...##.#........####..#######
#.......)......## #..#
##...##.##.###.## #..#
#.(..<#.#..###.# #..#
#............#.### #..###


You could see an adder and a hobgoblin.

Vanquished Creatures
  An orc priest (D:2)
  An orc wizard (D:2)
  2 gnolls
  2 adders (D:2)
  2 oozes (D:1)
  6 dart slugs
  2 leopard geckos (D:1)
  An orc (D:2)
  A ball python (D:1)
  3 bats (D:1)
  5 goblins
  5 hobgoblins
  2 jackals (D:1)
  4 frilled lizards
  3 kobolds
  7 rats
47 creatures vanquished.

Notes
Turn   | Place    | Note
-------+----------+-------------------------------------------
     0 | D:1      | ChaseSP the Vine Stalker Transmuter began the quest for the Orb.
     0 | D:1      | Reached XP level 1. HP: 9/9 MP: 4/4
    51 | D:1      | Reached XP level 2. HP: 10/14 MP: 4/6
    60 | D:1      | Reached skill level 3 in Transmutations
   331 | D:1      | Reached XP level 3. HP: 16/17 MP: 7/7
   352 | D:1      | Learned a level 2 spell: Sticks to Snakes
   356 | D:1      | Learned a level 3 spell: Spider Form
  1098 | D:1      | Reached skill level 1 in Poison Magic
  1202 | D:2      | Gained mutation: Your natural rate of healing is unusually fast. [Vine Stalker growth]
  1202 | D:2      | Reached XP level 4. HP: 9/21 MP: 6/8
  1702 | D:2      | HP: 1/21 [goblin/stone (1)]
  1808 | D:1      | Reached skill level 4 in Transmutations
  1861 | D:2      | Found an iron altar of Okawaru.
  1861 | D:2      | Found a radiant altar of Vehumet.
  2025 | D:2      | Reached XP level 5. HP: 19/25 MP: 1/9
  2090 | D:2      | Reached skill level 1 in Armour
  2148 | D:2      | HP: 1/25 [adder (2)]
  2151 | D:2      | Succumbed to an adder's poison

Skill      XL: |  1  2  3  4  5 |
---------------+----------------+-----
Transmutations | 3 4 |  4.4
Poison Magic   | 1 2 |  2.0
Armour         | 1 |  1.0
Fighting       | |  0.8
Dodging        | |  1.5
Unarmed Combat | |  3.2
Spellcasting   | |  2.1

Action                   |  1- 3 |  4- 6 || total
-------------------------+-------+-------++-------
Melee: Unarmed           |    86 |   111 ||   197
       Bite              |    22 |    24 ||    46
       Headbutt          |     3 |     3 ||     6
       Punch             |     1 |     2 ||     3
 Cast: Beastly Appendage |     2 |     3 ||     5
       Spider Form       |       |     3 ||     3
 Abil: Stop Flying       |     1 |       ||     1
  Use: Scroll            |     1 |       ||     1
       Potion            |       |     3 ||     3
 Stab: Sleeping          |     2 |       ||     2
  Eat: Chunk             |     1 |     3 ||     4
Armor: Robe              |    21 |     8 ||    29
       Ring mail         |       |    23 ||    23
       Skin              |       |     1 ||     1
Dodge: Dodged            |    49 |    76 ||   125
